 Dungeon Crawl Stone Soup version 0.24.0-13-gcf9b3192b9 (webtiles) character file.

Game seed: 2807568091281174091, levelgen mode: deterministic

304 Thantalas the Digger (level 6, -3/36 HPs)
             Began as a Gargoyle Earth Elementalist on Nov 7, 2019.
             Slain by a worm (4 damage)
             ... on level 4 of the Dungeon.
             The game lasted 00:08:14 (3424 turns).

Thantalas the Digger (Gargoyle Earth Elementalist)  Turns: 3424, Time: 00:08:15

Health: -3/36      AC: 10    Str: 11    XL:     6   Next: 38%
Magic:  0/10       EV: 14    Int: 18    God:
Gold:   156        SH:  4    Dex: 10    Spells: 7/11 levels left

rFire    . . .     SeeInvis .   g - +0 falchion
rCold    . . .     Gourm    .   l - +0 buckler
rNeg     + . .     Faith    .   c - +0 robe
rPois    ∞         Spirit   .   (no helmet)
rElec    +         Reflect  .   b - +2 cloak {+Inv}
rCorr    .         Harm     .   m - +0 pair of gloves
MR       .....                  (no boots)
Stlth    ++........             (no amulet)
HPRegen  0.12/turn              o - +3 ring of evasion
MPRegen  0.12/turn              (no ring)

@: no status effects
A: negative energy resistance 1, electricity resistance, unbreathing,
petrification resistance, rot immunity, AC +4
a: Evoke Invisibility


You were on level 4 of the Dungeon.
You were not hungry.

You visited 1 branch of the dungeon, and saw 4 of its levels.

You collected 156 gold pieces.

Inventory:

Hand Weapons
 g - a +0 falchion (weapon)
   (You found it on level 3 of the Dungeon)
Missiles
 e - 10 stones (quivered)
Armour
 b - a +2 cloak of invisibility (worn)
   (You took it off Crazy Yiuf on level 2 of the Dungeon)
 c - a +0 robe (worn)
 l - a +0 buckler (worn)
   (You found it on level 1 of the Dungeon)
 m - a +0 pair of gloves (worn)
   (You found it on level 1 of the Dungeon)
Jewellery
 o - a +3 ring of evasion (left hand)
   (You found it on level 1 of the Dungeon)
Scrolls
 a - 2 scrolls of magic mapping
Comestibles
 d - 6 chunks of flesh
 f - 9 rations {!d}


   Skills:
 + Level 2.9 Fighting
 - Level 1.5 Dodging
 - Level 2.1 Stealth
 + Level 2.3 Shields
 + Level 3.3 Spellcasting
 + Level 2.3 Conjurations
   Level 0.7 Transmutations
 + Level 5.1 Earth Magic


You had 7 spell levels left.
You knew the following spells:

 Your Spells              Type           Power        Failure   Level  Hunger
A - Sandblast             Erth           ###...       2%          1    None
B - Stone Arrow           Conj/Erth      ###...       12%         3    ###....

Your spell library contained the following spells:

 Spells                   Type           Power        Failure   Level  Hunger
 Passwall                 Tmut/Erth      ##......     9%          2    ##.....
 Petrify                  Tmut/Erth      ##......     50%         4    ####...
 Lee's Rapid Deconstruct  Erth           ###.......   54%         5    ######.


Dungeon Overview and Level Annotations

Branches:
Dungeon (4/15)
 Temple: D:4-7

Altars:
Hepliaklqana
Zin


Innate Abilities, Weirdness & Mutations

You are resistant to torment.
Your stone body is resilient. (AC +4)
You are immune to poison.
You resist negative energy. (rN+)
You are resistant to electric shocks. (rElec)
You can survive without breathing.
You are immune to petrification.
You are immune to rotting.


Message History

There isn't anything to butcher here.
It was a potion of curing.
You feel better. The bullfrog barely misses you.
You riposte.
You hit the bullfrog but do no damage. The bullfrog barely misses you.
You feel better. The bullfrog misses you.
Aim: a bullfrog The blast of sand misses the bullfrog.
The blast of sand hits the iguana but does no damage.
e - 12 stones You block the bullfrog's attack.
The bullfrog closely misses you.
You hit the bullfrog.
The bullfrog hits you but does no damage.
You block the bullfrog's attack.
You hit the worm. The bullfrog hits you. x2
* * * LOW HITPOINT WARNING * * *
Aim: a bullfrog (moderately wounded)
The blast of sand hits the bullfrog!
e - 11 stones You block the bullfrog's attack.
The iguana hisses menacingly.
You don't have enough magic to cast that spell.
You don't have enough magic to cast that spell.
You closely miss the bullfrog. The bullfrog hits you!
* * * LOW HITPOINT WARNING * * *
The bullfrog completely misses you.
You riposte.
You barely miss the bullfrog. The worm bites you but does no damage.
The worm misses you.
You hit the bullfrog.
You kill the bullfrog!
The worm barely misses you.
You riposte.
You hit the worm.
The ball python skeleton closely misses you. x2
The worm barely misses you.
You hit the ball python skeleton.
The ball python skeleton bites you but does no damage.
The ball python skeleton grabs you.
The ball python skeleton constricts you.
The worm bites you but does no damage. You block the worm's attack.
You hit the ball python skeleton.
The ball python skeleton bites you but does no damage.
The ball python skeleton constricts you.
The worm bites you!
* * * LOW HITPOINT WARNING * * *
Aim: a ball python skeleton (severely damaged, constricting you)
The blast of sand hits the ball python skeleton!
You destroy the ball python skeleton!
e - 10 stones The worm completely misses you.
The giant cockroach barely misses you.
You hit the giant cockroach.
You kill the giant cockroach!
The worm bites you.
You die...

## #..... . ..
#..#.##.
#.#####..#...
#.#.. ...#..#
#.#.# #Z. ..
##.#$# #.# .#
#....###.##w#
#.....#..<.†l@w#
#.##$##.....####
... #!....# .##
#.....# #.
#.....# #
.......#
####....# #....#


You could see 2 worms and an iguana.

Vanquished Creatures
  A bullfrog (D:4)
  A howler monkey (D:4)
  Crazy Yiuf (D:2)
  An iguana (D:4)
  4 adders
  An ooze (D:1)
  An adder skeleton (D:4)
  4 worms (D:2)
  2 dart slugs
  3 leopard geckos
  2 orcs
  10 giant cockroaches
  6 goblins
  9 hobgoblins
  6 jackals
  A quokka (D:2)
  3 ball pythons
  A ball python skeleton (D:4)
  11 bats
  4 frilled lizards
  10 kobolds
  4 rats
86 creatures vanquished.

Notes
Turn   | Place    | Note
-------+----------+-------------------------------------------
     0 | D:1      | Thantalas the Gargoyle Earth Elementalist began the quest
                  | for the Orb.
     0 | D:1      | Reached XP level 1. HP: 10/10 MP: 3/3
   188 | D:1      | Reached XP level 2. HP: 16/16 MP: 3/5
   299 | D:1      | Reached skill level 1 in Fighting
   500 | D:1      | Reached skill level 4 in Earth Magic
   956 | D:1      | Reached XP level 3. HP: 20/20 MP: 6/6
   961 | D:1      | Learned a level 3 spell: Stone Arrow
  1685 | D:2      | Found a hazy altar of Hepliaklqana.
  1707 | D:2      | Reached skill level 1 in Conjurations
  1707 | D:2      | Reached XP level 4. HP: 21/26 MP: 0/7
  1794 | D:2      | Found a runed translucent door.
  1795 | D:2      | Noticed Crazy Yiuf
  2121 | D:2      | Reached skill level 1 in Shields
  2725 | D:2      | Killed Crazy Yiuf
  2725 | D:2      | Reached XP level 5. HP: 30/30 MP: 2/9
  3284 | D:3      | Found a glowing silver altar of Zin.
  3285 | D:3      | Noticed an angel
  3412 | D:4      | Reached skill level 5 in Earth Magic
  3412 | D:4      | Reached XP level 6. HP: 3/36 MP: 1/10
  3422 | D:4      | HP: 1/36 [worm (7)]
  3424 | D:4      | Slain by a worm

Levels and vault maps discovered:
D:1:      minmay_arrival_four_loops, layout_basic, serial_co_window_serial,
          co_window_of_opportunity_a, co_window_paths_a, co_window_paths_b,
          co_window_paths_b, co_window_paths_a, co_window_broadway_b,
          co_window_2corner, co_window_unsneaky_path_d, co_window_paths_e,
          glass_columns_a, minmay_strange_pillars, minmay_ruptured
D:2:      layout_loops_corners, lemuel_doored_altar, hangedman_decor_points,
          uniq_crazy_yiuf_cottage
D:3:      layout_rooms, zin_angel, first_ration, chequers_avenue, st_stairs_3
D:4:      layout_basic

Skill      XL: |  1  2  3  4  5 |
---------------+----------------+-----
Fighting       | 1 2 |  2.9
Earth Magic    | 4 5 |  5.1
Conjurations   | 1 2 |  2.3
Shields        | 1 2 |  2.3
Spellcasting   | 3 |  3.3
Dodging        | |  1.5
Stealth        | |  2.1
Transmutations | |  0.7

Action                   |  1- 3 |  4- 6 || total
-------------------------+-------+-------++-------
Melee: Dagger            |    35 |       ||    35
       Unarmed           |     1 |       ||     1
       Short sword       |    90 |   156 ||   246
       Falchion          |       |    25 ||    25
 Cast: Sandblast         |    31 |    30 ||    61
       Stone Arrow       |       |     3 ||     3
  Use: Scroll            |     4 |     4 ||     8
       Potion            |       |     3 ||     3
 Stab: Sleeping          |     5 |     2 ||     7
  Eat: Chunk             |     3 |     6 ||     9
Armor: Robe              |    40 |    72 ||   112
Dodge: Dodged            |   106 |   178 ||   284
Block: Buckler           |     9 |    47 ||    56
       Rpst.: Falchion   |       |    17 ||    17
